 Dungeon Crawl Stone Soup version 0.21-a0-504-g2eda330 (webtiles) character file.

42 tof the Skirmisher (level 3, 0/43 HPs)
             Began as a Demonspawn Berserker on Nov 26, 2017.
             Was a Follower of Trog.
             Slain by an iguana (14 damage)
             ... on level 2 of the Dungeon.
             The game lasted 00:01:19 (1137 turns).

tof the Skirmisher (Demonspawn Berserker)           Turns: 1137, Time: 00:01:20

Health: 0/43       AC:  3    Str: 22    XL:     3   Next: 35%
Magic:  3/3        EV: 14    Int:  8    God:    Trog [*.....]
Gold:   35         SH:  0    Dex: 13    Spells: 2/2 levels left

rFire    . . .     SeeInvis .   a - +0 falchion
rCold    . . .     Gourm    .   (no shield)
rNeg     . . .     Faith    .   b - +0 animal skin
rPois    .         Spirit   .   (no helmet)
rElec    .         Reflect  .   (no cloak)
rCorr    .         Harm     .   (no gloves)
MR       .....                  l - +0 pair of boots
Stlth    ..........             (no amulet)
HPRegen  0.14/turn              (no ring)
MPRegen  0.08/turn              (no ring)

@: berserking, lethally poisoned (0 -> -2), very quick
A: repulsion field 1
a: Berserk, Burn Spellbooks, Renounce Religion


You were on level 2 of the Dungeon.
You worshipped Trog.
Trog was aware of your devotion.
You were near starving.

You visited 1 branch of the dungeon, and saw 2 of its levels.

You collected 35 gold pieces.

Inventory:

Hand Weapons
 a - a +0 falchion (weapon)
Armour
 b - a +0 animal skin (worn)
 l - a +0 pair of boots (worn)
Scrolls
 e - a scroll of amnesia {unknown}
 f - a scroll of noise {unknown}
 g - a scroll of blinking {unknown}
 i - a scroll of identify {unknown}
Potions
 d - a potion of heal wounds {unknown}
 h - a potion of cancellation {unknown}
 k - a potion of degeneration {unknown}
Comestibles
 c - 3 bread rations
 j - a royal jelly


   Skills:
 + Level 3.3 Fighting
 * Level 3.3 Long Blades
 + Level 2.1 Armour
 + Level 2.2 Dodging


You had 2 spell levels left.
You didn't know any spells.

Dungeon Overview and Level Annotations

Branches:
Dungeon (2/15)

Altars:


Innate Abilities, Weirdness & Mutations

You are surrounded by a mild repulsion field. (EV +2)


Message History

You closely miss the adder.
The adder is almost dead.
You feel sick. The adder misses you.
You riposte.
You hit the adder.
You kill the adder!
Trog accepts your kill.
An iguana comes into view.
The iguana hisses angrily.
There is a stone staircase leading up here.
There isn't anything here!
You feel sick.
You start resting.
You feel sick.
You feel sick.
A red film seems to cover your vision as you go berserk!
You feel yourself moving faster!
You feel mighty!
You are near starving!
The iguana bites you!
You slash the iguana!
The iguana is moderately wounded.
The iguana bites you!
You die...

##..# .#
#..##.#
##..#.# #
#(.#.#.#
########...#.#
.............#
########...###
...........##
#########@..#
##l.# #<..#
#.#.# #.#.>.
#.##### #.#
#l# #.#


You could see an iguana.

Vanquished Creatures
  An adder (D:2)
  2 oozes (D:1)
  5 bats (D:1)
  7 goblins
  3 hobgoblins (D:1)
  A kobold (D:2)
  A frilled lizard (D:1)
  3 rats (D:1)
23 creatures vanquished.

Notes
Turn   | Place    | Note
-------+----------+-------------------------------------------
     0 | D:1      | tof the Demonspawn Berserker began the quest for the Orb.
     0 | D:1      | Reached XP level 1. HP: 18/18 MP: 1/1
    51 | D:1      | Gained mutation: You are surrounded by a mild repulsion field. (EV +2) [demonic ancestry]
    51 | D:1      | Reached XP level 2. HP: 21/24 MP: 2/2
   829 | D:1      | Reached XP level 3. HP: 29/29 MP: 3/3
  1137 | D:2      | Slain by an iguana

Vault maps used:
D:1:      evilmike_arrival_hilbert_curve, minmay_misc_feat_secret_circle
D:2:      lemuel_blue_sif_altar, serial_park_tiny_pond

Skill      XL: |  1  2 |
---------------+-------+-----
Dodging        | 2 |  2.2
Long Blades    | 3 |  3.3
Armour         | 2 |  2.1
Fighting       | |  3.3

Action                   || total
-------------------------++-------
Melee: Falchion          ||    63
Invok: Berserk           ||     1
 Stab: Sleeping          ||     1
Armor: Animal skin       ||    10
Dodge: Dodged            ||    51
       Rpst.: Falchion   ||    12

Table legend:
 A = Spawn XP
 B = Non-spawn XP
 C = Spawn XP percentage of total XP
 D = Spawn monster count
 E = Non-spawn monster count
 F = Spawn count percentage of total count
 G = Total turns spent on level
                    A         B        C        D         E        F      G
               +---------+---------+-------+---------+---------+-------+---------
         Total |       0 |      61 |   0.0 |       0 |      23 |   0.0 |  1137
               +---------+---------+-------+---------+---------+-------+---------
           D:1 |       0 |      42 |   0.0 |       0 |      19 |   0.0 |  1047
           D:2 |       0 |      19 |   0.0 |       0 |       4 |   0.0 |    90
               +---------+---------+-------+---------+---------+-------+---------
